 Dungeon Crawl Stone Soup version 0.28-a0-8-g6e044cfa68 (webtiles) character file.

Game seed: 13165902157899011470

14 ezpacito the Skirmisher (level 2, 24/24 HPs)
             Began as a Demonspawn Abyssal Knight on July 23, 2021.
             Was a Follower of Lugonu.
             Quit the game on level 1 of the Dungeon.
             The game lasted 00:01:10 (375 turns).

ezpacito the Skirmisher (Demonspawn Abyssal Knight)  Turns: 375, Time: 00:01:11

Health: 24/24      AC:  3    Str: 12    XL:     2   Next: 31%
Magic:  3/3        EV: 11    Int: 13    God:    Lugonu [*.....]
Gold:   9          SH:  0    Dex: 12    Spells: 1/1 levels left

rFire   . . .      SeeInvis .   a - +1 hand axe
rCold   . . .      Faith    .   (no shield)
rNeg    . . .      Spirit   .   b - +0 leather armour
rPois   .          Reflect  .   (no helmet)
rElec   .          Harm     .   (no cloak)
rCorr   .          Rampage  .   (no gloves)
Will    .....                   (no boots)
Stlth   +.........              (no amulet)
HPRegen 0.08/turn               (no ring)
MPRegen 0.08/turn               (no ring)

@: no status effects
A: talons 1
a: Renounce Religion, Depart the Abyss


You were on level 1 of the Dungeon.
You worshipped Lugonu.
Lugonu was aware of your devotion.
You visited 1 branch of the dungeon, and saw 1 of its levels.
You visited the Abyss 1 time.

You collected 9 gold pieces.

Inventory:

Hand Weapons
 a - a +1 hand axe (weapon)
Armour
 b - a +0 leather armour (worn)
Scrolls
 c - a scroll of fear {unknown}
 e - a scroll of teleportation {unknown}
Potions
 d - a potion of degeneration {unknown}
 f - a potion of berserk rage {unknown}


   Skills:
 + Level 3.1 Fighting
 * Level 2.1 Axes
 + Level 1.8 Armour
 + Level 1.0 Dodging
 + Level 0.4 Spellcasting
 + Level 2.6 Invocations


You had one spell level left.
You didn't know any spells.
Your spell library was empty.

Dungeon Overview and Level Annotations

Branches:
Dungeon (1/15)

Altars:


Innate Abilities, Weirdness & Mutations

You have sharp toenails.


Message History

f - a sedimented cyan potion You now have 9 gold pieces.
Found a stone staircase leading down.
There is a shaft here.
A jackal comes into view.
The jackal barks!
An endoplasm comes into view.
Found 11 gold pieces.
A bat comes into view.
The bat moves out of view.
You closely miss the jackal. Your kick misses the jackal.
The jackal closely misses you. x2
You closely miss the jackal.
A jackal comes into view.
The jackal barely misses you.
The jackal barks!
You hit the jackal but do no damage. You claw the jackal, but do no damage.
The jackal closely misses you. The jackal barely misses you.
You hit the jackal. You claw the jackal.
You kill the jackal!
Lugonu accepts your kill. The bat barely misses you.
You hit the endoplasm. You claw the endoplasm.
You kill the endoplasm!
Lugonu accepts your kill. The bat barely misses you.
You hit the jackal.
You kill the jackal!
Lugonu accepts your kill. The bat hits you but does no damage.
The bat hits you but does no damage.
Found a white potion.
You see here a jackal corpse.
The bat hits you but does no damage. The bat closely misses you.
The bat completely misses you.
You hit the bat.
You kill the bat!
Lugonu accepts your kill.
No target in view!
Are you sure you want to abandon this character and quit the game? (Confirm with "yes".)

##>##.#..#...#......#
.......^...###......#
##.##...#### #......#
#......##
...##.#..###### ..
#.#........
#####.#†#######
##.........!##
#......@.....#
.......†........
.........$......
................
................
................
#............#.
#...........##


There were no monsters in sight!

Vanquished Creatures
  2 endoplasms (D:1)
  2 hobgoblins (D:1)
  2 jackals (D:1)
  A quokka (D:1)
  4 bats (D:1)
  A frilled lizard (D:1)
  A rat (D:1)
13 creatures vanquished.

Notes
Turn   | Place    | Note
-------+----------+-------------------------------------------
     0 | Abyss:1  | ezpacito the Demonspawn Abyssal Knight began the quest for
                  | the Orb.
     0 | Abyss:1  | Reached XP level 1. HP: 18/18 MP: 2/2
    41 | Abyss:2  | Noticed a quasit
    49 | D:1      | Escaped the Abyss
   178 | D:1      | Reached * piety under Lugonu
   179 | D:1      | Reached skill level 1 in Dodging
   330 | D:1      | Gained mutation: You have sharp toenails. [demonic
                  | ancestry]
   330 | D:1      | Reached XP level 2. HP: 22/24 MP: 3/3
   375 | D:1      | Quit the game

Illustrated notes

Levels and vault maps discovered:
D:1:      nzn_arrival_crosshair, layout_rooms

Skill      XL: |  1 |
---------------+----+-----
Axes           | 2 |  2.1
Dodging        | 1 |  1.0
Fighting       | |  3.1
Armour         | |  1.8
Spellcasting   | |  0.4
Invocations    | |  2.6

Action                   || total
-------------------------++-------
Melee: Hand axe          ||    38
       Kick              ||     3
Invok: Depart the Abyss  ||     1
Armor: Leather armour    ||    13
Dodge: Dodged            ||    29

Table legend: (Time is in decaauts)
 A = Elapsed time spent in this place.
 B = Non-inter-level travel time spent in this place.
 C = Inter-level travel time spent in this place.
 D = Time resting spent in this place.
 E = Time spent auto-exploring this place.
 F = Levels seen in this place.
 G = Mean time per level.
                   A        B        C        D        E       F      G
               +--------+--------+--------+--------+--------+-----+--------+
         Total |    382 |    382 |      0 |      0 |    257 |   3 |  127.3 |
       Dungeon |    333 |    333 |      0 |      0 |    257 |   1 |  333.0 |
         Abyss |     48 |     48 |      0 |      0 |      0 |   2 |   24.0 |
               +--------+--------+--------+--------+--------+-----+--------+

Top non-repeatable levels by time:
     D:1: 333 daAuts
 Abyss:2: 27 daAuts
 Abyss:1: 21 daAuts
